Map: Wolfe Industries Compound

Players

Blackmetal - Winner!

  • Race: Protoss Protoss
  • League: Platinum
  • Spawn Location: 7:00

MrPeitsche - Winner!

  • Race: Zerg Zerg
  • Spawn Location: 7:00

JohnMcClane

  • Race: Protoss Protoss
  • League: Gold
  • Spawn Location: 12:00

Hindulaatti

  • Race: Zerg Zerg
  • Spawn Location: 3:00

VOD

Have the link to the VOD?

Description

Time

  • Played on: Feb. 3, 2016, 8:02 a.m.
  • Length: 12:14
Show
View Real Time Build Order
Export as new Build Order

Blackmetal Protoss - Winner!

Build Orders: Oracle Opening 

Get SALT Encoding   

  12  0:01  Probe (Chrono Boost)  
  13  0:11  Probe (Chrono Boost)  
  14  0:18  Pylon  
  14  0:22  Probe (Chrono Boost)  
  15  0:36  Probe (Chrono Boost)  
  15  0:38  Gateway  
  16  0:44  Assimilator  
  16  0:47  Probe (Chrono Boost)  
  17  0:57  Probe (Chrono Boost)  
  17  0:59  Assimilator  
  18  1:08  Probe (Chrono Boost)  
  19  1:18  Probe (Chrono Boost)  
  19  1:25  Zealot  
  22  1:26  Cybernetics Core  
  22  1:29  Pylon  
  22  1:34  Probe (Chrono Boost)  
  23  1:47  Probe (Chrono Boost)  
  24  1:57  Zealot  
  26  2:10  Probe (Chrono Boost)  
  26  2:15  Stargate  
  27  2:21  Mothership Core (Chrono Boost)  
  29  2:32  Pylon  
  29  2:39  Probe (Chrono Boost)  
  31  2:58  Probe (Chrono Boost)  
  31  3:00  Stalker  
  31  3:01  Oracle (Chrono Boost)  
  36  3:09  Probe (Chrono Boost)  
  37  3:19  Probe (Chrono Boost)  
  38  3:31  Nexus  
  38  3:35  Assimilator  
  38  3:36  Pylon  
  38  3:51  Pylon  
  38  3:55  Void Ray (Chrono Boost)  
  42  3:57  Pylon  
  41  4:06  Probe  
  42  4:18  Probe  
  43  4:30  Probe  
  48  4:38  Void Ray (Chrono Boost)  
  48  4:42  Probe  
  49  4:46  Probe  
  50  4:54  Probe  
  50  4:56  Probe  
  50  4:57  Stargate  
  50  4:59  Stargate  
  52  5:06  Probe  
  53  5:07  Probe  
  54  5:17  Void Ray (Chrono Boost)  
  54  5:18  Probe  
  54  5:19  Probe  
  60  5:38  Stargate  
  60  5:41  Assimilator  
  60  5:55  Assimilator  
  60  5:56  Nexus  
  60  5:59  Assimilator, Pylon  
  72  6:32  Void Ray (Chrono Boost)  
  72  6:38  Void Ray x2 (Chrono Boost)  
  72  6:42  Probe  
  72  6:43  Probe  
  78  6:59  Pylon  
  78  7:00  Void Ray (Chrono Boost), Pylon x2  
  78  7:01  Pylon  
  78  7:06  Probe  
  78  7:08  Probe  
  80  7:17  Probe  
  80  7:20  Probe  
  79  7:27  Probe  
  80  7:32  Probe  
  80  7:33  Void Ray (Chrono Boost)  
  80  7:35  Protoss Air Weapons Level 1  
  93  7:38  Probe x2  
  93  7:39  Void Ray x2 (Chrono Boost)  
  95  7:44  Probe  
  95  7:49  Probe x2  
  98  7:56  Probe  
  99  8:07  Nexus  
  99  8:10  Assimilator  
  99  8:15  Assimilator  
  99  8:18  Pylon  
  99  8:21  Pylon  
  86  8:57  Void Ray (Chrono Boost)  
  86  9:02  Probe x2  
  102  9:03  Void Ray x3 (Chrono Boost), Probe  
  105  9:12  Probe  
  105  9:15  Probe, Nexus  
  107  9:18  Assimilator  
  107  9:21  Pylon  
  107  9:23  Pylon  
  107  9:25  Pylon  
  107  9:27  Pylon  
  99  9:45  Void Ray (Chrono Boost)  
  115  9:51  Void Ray x3 (Chrono Boost)  
  115  9:55  Probe x2  
  115  9:57  Probe  
  118  10:02  Forge  
  118  10:06  Probe  
  110  10:09  Probe  
  92  10:30  Void Ray (Chrono Boost)  
  104  10:36  Void Ray x2 (Chrono Boost)  
  104  10:37  Void Ray (Chrono Boost)  
  104  11:07  Void Ray (Chrono Boost)  
  108  11:17  Fleet Beacon  
  120  11:19  Void Ray x3 (Chrono Boost)  
  120  11:24  Photon Cannon  
  120  11:25  Photon Cannon  
  120  11:27  Photon Cannon  
  120  11:29  Probe x3, Photon Cannon  
  120  11:30  Probe  
  120  11:31  Photon Cannon  
  124  11:33  Photon Cannon  
  124  11:39  Probe x2  
Show
View Real Time Build Order
Export as new Build Order

MrPeitsche Zerg - Winner!

Build Orders: Hatch First 

Get SALT Encoding   

  12  0:01  Drone  
  13  0:12  Overlord  
  13  0:18  Drone  
  14  0:31  Drone x2  
  16  0:36  Drone  
  17  0:57  Hatchery  
  17  1:01  Drone  
  17  1:08  Extractor  
  17  1:10  Drone  
  17  1:22  Spawning Pool  
  16  1:26  Drone  
  17  1:56  Drone x3  
  20  2:09  Zergling x2, Queen  
  23  2:16  Zergling x2  
  23  2:17  Metabolic Boost  
  24  2:24  Zergling x4  
  26  2:34  Zergling x4  
  28  3:01  Overlord  
  25  3:20  Drone x9  
  25  3:21  Queen  
  36  3:32  Zergling x2  
  36  3:38  Overlord  
  34  3:49  Spine Crawler  
  33  3:56  Zergling x6  
  33  3:57  Zergling x4  
  38  4:06  Zergling x6  
  38  4:08  Queen  
  43  4:13  Extractor  
  42  4:18  Evolution Chamber  
  41  4:31  Drone x2  
  41  4:32  Drone, Overlord x3  
  44  4:47  Zerg Melee Weapons Level 1  
  44  4:50  Extractor  
  44  4:52  Drone  
  44  4:53  Drone x6, Evolution Chamber  
  49  5:05  Drone  
  49  5:06  Drone  
  50  5:19  Drone x3  
  50  5:20  Drone  
  54  5:31  Drone x2  
  56  5:36  Drone x3  
  56  5:37  Drone  
  56  5:38  Lair  
  56  5:39  Zerg Ground Armor Level 1  
  60  5:43  Extractor  
  48  6:06  Drone x8  
  54  6:11  Roach Warren  
  53  6:31  Spore Crawler  
  52  6:35  Hatchery  
  52  6:38  Hatchery  
  50  6:48  Zerg Missile Weapons Level 1  
  50  6:51  Glial Reconstitution  
  50  6:53  Evolution Chamber, Infestation Pit  
  48  7:04  Roach x6  
  48  7:06  Overlord x5  
  60  7:11  Overseer x2  
  60  7:30  Drone x8  
  60  7:34  Zerg Melee Weapons Level 2  
  68  7:42  Zerg Ground Armor Level 2  
  68  7:45  Drone x5, Extractor  
  68  7:46  Extractor  
  68  7:50  Hatchery  
  70  8:04  Queen  
  72  8:06  Queen  
  74  8:13  Roach  
  74  8:14  Roach x7, Extractor  
  74  8:15  Extractor  
  87  8:39  Queen  
  89  8:54  Roach x11  
  111  8:57  Hive, Zerg Missile Weapons Level 2  
  111  9:06  Drone x6, Overlord x2  
  111  9:07  Overlord  
  117  9:48  Roach x4  
  117  9:49  Overlord x2, Roach x4  
  117  9:50  Overlord, Pathogen Glands  
  117  9:52  Drone x2  
  135  9:53  Zergling x2  
  135  9:54  Zergling x12  
  142  10:16  Roach  
  142  10:17  Roach x12  
  154  10:26  Roach  
  154  10:27  Roach x3  
  123  10:36  Roach x4  
  123  10:37  Roach  
  127  10:52  Ultralisk Cavern  
  126  11:18  Overlord x2  
  126  11:19  Overlord  
  126  11:42  Ravager  
  126  11:43  Ravager x2  
  124  12:13  Hatchery  
Show
View Real Time Build Order
Export as new Build Order

JohnMcClane Protoss 

Build Orders:  

Get SALT Encoding   

  12  0:01  Probe (Chrono Boost)  
  13  0:11  Probe (Chrono Boost)  
  14  0:22  Pylon  
  14  0:23  Probe (Chrono Boost)  
  15  0:40  Probe (Chrono Boost)  
  16  0:43  Forge  
  16  0:51  Probe (Chrono Boost)  
  17  1:01  Probe (Chrono Boost)  
  18  1:12  Probe (Chrono Boost)  
  19  1:22  Probe (Chrono Boost)  
  20  1:28  Gateway  
  20  1:33  Probe (Chrono Boost)  
  20  1:37  Pylon  
  21  1:43  Pylon  
  21  1:59  Pylon  
  21  2:01  Photon Cannon  
  21  2:03  Photon Cannon  
  20  2:10  Pylon  
  20  2:16  Photon Cannon  
  20  2:18  Photon Cannon  
  20  2:24  Photon Cannon  
  20  2:27  Photon Cannon  
  20  2:30  Photon Cannon  
  20  2:32  Photon Cannon  
  20  2:37  Pylon  
  20  2:44  Probe (Chrono Boost)  
  20  2:46  Assimilator  
  21  2:55  Probe (Chrono Boost)  
  22  3:04  Assimilator, Nexus  
  22  3:06  Probe (Chrono Boost)  
  22  3:08  Pylon  
  22  3:11  Pylon  
  23  3:16  Probe (Chrono Boost)  
  24  3:20  Cybernetics Core  
  24  3:34  Gateway  
  24  3:38  Photon Cannon  
  24  3:44  Gateway  
  24  3:50  Gateway  
  24  4:02  Warp Gate  
  24  4:04  Mothership Core (Chrono Boost), Pylon  
  26  4:15  Photon Cannon  
  16  4:44  Probe (Chrono Boost)  
  16  4:45  Probe (Chrono Boost)  
  18  4:55  Probe (Chrono Boost)  
  18  4:59  Photon Cannon  
  19  5:02  Probe (Chrono Boost)  
  20  5:25  Pylon  
  20  5:32  Assimilator  
  20  5:49  Twilight Council  
  20  6:08  Stalker x2  
  20  6:09  Stalker  
  20  6:33  Probe x2 (Chrono Boost)  
  20  6:37  Stalker  
  20  6:38  Stalker x2  
  28  6:46  Blink (Chrono Boost)  
  28  7:03  Probe  
  28  7:04  Mothership Core  
  30  7:32  Stalker x2  
  30  7:34  Probe  
  30  7:35  Probe  
  36  7:45  Probe  
  37  7:51  Stalker  
  37  7:56  Stalker  
  41  8:00  Probe  
  41  8:01  Probe  
  43  8:10  Probe  
  43  8:11  Stalker  
  46  8:21  Probe  
  47  8:31  Stalker  
  49  8:39  Pylon  
  31  8:56  Stalker x3  
  37  9:02  Probe  
  37  9:04  Probe  
  37  9:08  Gateway  
  39  9:13  Probe  
  39  9:16  Probe  
  41  9:19  Stalker  
  41  9:20  Stalker  
  45  9:50  Stalker x3  
  51  9:54  Protoss Ground Weapons Level 1 (Chrono Boost)  
  51  10:06  Photon Cannon  
  51  10:08  Gateway  
  51  10:12  Pylon  
  47  10:30  Stalker x4  
  47  10:53  Probe  
  47  10:54  Probe  
  49  11:01  Stalker x4  
  57  11:06  Pylon  
  57  11:08  Pylon  
  57  11:12  Pylon  
  57  11:17  Stalker  
  59  11:22  Pylon  
  59  11:24  Stalker x2  
  59  11:25  Stalker x2  
  67  11:26  Assimilator  
  67  11:43  Stalker  
  69  11:50  Stalker x4  
Show
View Real Time Build Order
Export as new Build Order

Hindulaatti Zerg 

Build Orders: Hatch First 

Get SALT Encoding   

  12  0:01  Drone  
  13  0:09  Drone  
  14  0:17  Extractor  
  14  0:18  Drone  
  15  0:24  Overlord  
  15  0:46  Hatchery  
  14  0:55  Drone  
  14  0:56  Drone, Extractor  
  15  1:12  Spawning Pool  
  15  1:17  Drone  
  15  1:21  Drone  
  16  1:25  Drone  
  17  1:36  Drone  
  18  1:48  Drone  
  19  1:58  Metabolic Boost  
  19  2:00  Zergling x4  
  21  2:05  Zergling x2  
  22  2:10  Zergling x2  
  22  2:14  Zergling x2  
  24  2:19  Queen  
  24  2:22  Zergling x2  
  27  2:23  Overlord  
  27  2:40  Zergling x2  
  27  2:41  Queen  
  27  2:43  Zergling x4  
  32  2:50  Drone  
  33  3:09  Zergling x6  
  33  3:12  Overlord  
  35  3:14  Overlord  
  32  3:32  Drone x4  
  32  3:33  Overlord  
  35  3:49  Drone  
  35  3:50  Drone x3  
  35  3:51  Baneling Nest  
  38  4:10  Drone x4, Extractor  
  38  4:14  Spore Crawler  
  38  4:16  Spore Crawler  
  39  4:27  Roach Warren  
  39  4:29  Drone x6  
  42  4:33  Drone, Extractor x2  
  42  4:34  Drone  
  42  4:47  Baneling x3  
  42  4:48  Baneling x4  
  41  5:12  Lair, Queen  
  42  5:29  Roach x5  
  42  5:30  Overlord  
  42  5:31  Overlord x3  
  42  5:35  Overlord x3  
  52  5:51  Roach  
  52  5:52  Roach x2  
  58  6:03  Roach  
  58  6:04  Roach  
  60  6:12  Zergling x2, Baneling  
  60  6:13  Zergling x6  
  60  6:17  Glial Reconstitution  
  64  6:38  Spire  
  64  6:39  Hydralisk Den  
  61  6:49  Baneling x5  
  61  6:51  Roach x12  
  85  7:10  Hydralisk  
  85  7:11  Hydralisk x3  
  93  7:17  Hatchery  
  93  7:20  Muscular Augments  
  92  7:30  Hydralisk  
  92  7:31  Hydralisk  
  96  7:50  Burrow  
  96  7:51  Hydralisk  
  96  7:55  Zergling x4  
  100  8:09  Hydralisk x2  
  100  8:10  Hydralisk  
  106  8:25  Overlord x3  
  97  8:51  Hydralisk  
  97  8:52  Hydralisk x8  
  105  9:13  Hydralisk  
  105  9:14  Hydralisk x3  
  104  9:48  Hatchery  
  103  10:02  Drone  
  103  10:03  Drone x2  
  92  10:25  Hydralisk x3  
  92  10:26  Hydralisk x3, Roach x4  
  92  10:27  Roach  
  72  10:41  Lurker Den  
  62  10:43  Evolution Chamber  
  62  10:44  Evolution Chamber, Overseer  
  59  10:59  Hydralisk x2  
  59  11:00  Roach  
  65  11:06  Roach  
  67  11:16  Hydralisk  
  69  11:31  Spore Crawler, Hydralisk  
Tags
 
Add a new tag
Caveats
  • Supply blocks, unpowered buildings, or Contaminate may cause inaccurate times.
  • Supply counts are checked every 10 seconds.